[Event "ICC Open 2015"]
[Site "Internet Chess Club"]
[Date "2015.05.30"]
[Round "3"]
[White "jonesey"]
[Black "playwaycool"]
[Result "0-1"]
[ICCResult "White resigns"]
[WhiteElo "1926"]
[BlackElo "2360"]
[Opening "Scotch gambit: Dubois-Réti defense"]
[ECO "C55"]
[NIC "KP.02"]
[Time "19:21:26"]
[TimeControl "180+0"]

1. e4 e5 2. Nf3 Nc6 3. Bc4 Nf6 4. d4 exd4 5. e5 Ne4 6. Bd5 Nc5 7. O-O Ne6 8.
Nbd2 h6 9. Nb3 d6 10. Re1 dxe5 11. Nxe5 Nxe5 12. Rxe5 c5 13. Bxe6 Bxe6 14.
Rxe6+ fxe6 15. Qh5+ Kd7 16. Bf4 b6 17. Re1 Qf6 18. Qf3 Rd8 19. Qb7+ Ke8 20.
Bc7 Be7 21. Bxd8 Bxd8 22. Qc6+ Kf7 23. Nd2 Rf8 24. Ne4 Qe7 25. Ng3 Kg8 26.
Rxe6 Qg5 27. h4 Qc1+ 28. Kh2 Bxh4 29. Rg6 Bxg3+ 30. Rxg3 Qf4 31. Qd7 Qf7 32.
Qg4 Re8 33. Qh4 Qe6 34. Qh5 Kh8 35. Rg6 Qe5+ 36. Qxe5 Rxe5 37. Rc6 Re2 38.
Rc8+ Kh7 39. Ra8 Rxc2 40. Rxa7 Rxb2 41. Kg3 c4 42. Rd7 d3 43. a4 d2
{White resigns}
0-1

[Event "ICC Open 2015"]
[Site "Internet Chess Club"]
[Date "2015.05.30"]
[Round "3"]
[White "JCarllsen"]
[Black "MichaelBluth"]
[Result "0-1"]
[ICCResult "White checkmated"]
[WhiteElo "1913"]
[BlackElo "2345"]
[Opening "Scandinavian (center counter) defense"]
[ECO "B01"]
[NIC "SD.01"]
[Time "19:20:56"]
[TimeControl "180+0"]

1. e4 d5 2. exd5 Qxd5 3. Nc3 Qa5 4. d4 c6 5. Bd2 Nf6 6. Bc4 Bf5 7. Qe2 e6 8.
d5 cxd5 9. Nxd5 Qd8 10. Bb5+ Nc6 11. Nb4 Qb6 12. O-O-O Rc8 13. Nf3 Bc5 14.
Nh4 O-O 15. Nxf5 Nxb4 16. Bxb4 exf5 17. Bxc5 Qxc5 18. Bd3 Rfe8 19. Qf3 Ne4
20. Rhf1 g6 21. Kb1 Qb4 22. Bxe4 fxe4 23. Qe3 Qc5 24. Qxc5 Rxc5 25. Rfe1 Re7
26. Rd2 f5 27. g3 Kg7 28. h4 h6 29. c3 Rec7 30. Rd4 b5 31. a3 a5 32. Red1
Kf6 33. Rd6+ Kf7 34. Rd7+ Rxd7 35. Rxd7+ Ke6 36. Rd4 Ke5 37. Kc2 g5 38. hxg5
hxg5 39. Kd2 f4 40. gxf4+ gxf4 41. Ke2 Rc6 42. Kd2 Rh6 43. Rd8 Rh2 44. Ke1
e3 45. fxe3 fxe3 46. Re8+ Kf4 47. Rf8+ Ke4 48. Re8+ Kd3 49. Rd8+ Kc2 50. Rb8
Kd3 51. Rxb5 Rh1# {White checkmated} 0-1

[Event "ICC Open 2015"]
[Site "Internet Chess Club"]
[Date "2015.05.30"]
[Round "3"]
[White "Massarioli"]
[Black "Cave-Man"]
[Result "1-0"]
[ICCResult "Black resigns"]
[WhiteElo "2148"]
[BlackElo "1839"]
[Opening "Queen's pawn game"]
[ECO "E10"]
[NIC "QI.01"]
[Time "19:21:29"]
[TimeControl "180+0"]

1. d4 Nf6 2. c4 e6 3. Nf3 d5 4. e3 Be7 5. Bd3 dxc4 6. Bxc4 c5 7. O-O cxd4 8.
Nxd4 a6 9. a4 b6 10. Nc3 Bb7 11. b3 Nc6 12. Nxc6 Bxc6 13. Bb2 O-O 14. Be2
Qxd1 15. Rfxd1 Rfd8 16. h3 Bc5 17. Rxd8+ Rxd8 18. Rd1 Rxd1+ 19. Nxd1 b5 20.
axb5 Bxb5 21. Bxb5 axb5 22. Bxf6 gxf6 23. Nc3 b4 24. Ne4 Be7 25. Kf1 f5 26.
Nd2 Kf8 27. Ke2 Ke8 28. Kd3 Kd7 29. Kc4 Kc6 30. Nf3 f6 31. Nd4+ Kd6 32. Nc2
e5 33. Nxb4 f4 34. e4 Bd8 35. Nd5 h5 36. g4 hxg4 37. hxg4 Kc6 38. f3 Kd6 39.
Nb4 Bb6 40. Kb5 Bd8 41. Nd5 Kd7 42. b4 Kd6 43. Ka6 Kc6 44. b5+ {Black
resigns} 1-0

[Event "ICC Open 2015"]
[Site "Internet Chess Club"]
[Date "2015.05.30"]
[Round "3"]
[White "Moritex"]
[Black "El-Flippo"]
[Result "1-0"]
[ICCResult "Black resigns"]
[WhiteElo "1768"]
[BlackElo "1400"]
[Opening "Petrov: Italian variation"]
[ECO "C24"]
[NIC "IG.04"]
[Time "19:21:33"]
[TimeControl "180+0"]

1. e4 e5 2. Bc4 Nf6 3. Nf3 c6 4. d3 d6 5. Ng5 d5 6. exd5 Nxd5 7. Qf3 f6 8.
Ne4 b5 9. Bb3 a5 10. a4 Nd7 11. axb5 Nc5 12. Nxc5 Bxc5 13. bxc6 Be6 14. O-O
Qc7 15. Nc3 Rd8 16. Nxd5 Bxd5 17. Bxd5 Ke7 18. c4 Rb8 19. Qg4 Rb3 20. Qxg7+
Kd6 21. Qxh8 {Black resigns} 1-0

[Event "ICC Open 2015"]
[Site "Internet Chess Club"]
[Date "2015.05.30"]
[Round "3"]
[White "Borknagar"]
[Black "Machinegun"]
[Result "0-1"]
[ICCResult "White checkmated"]
[WhiteElo "1932"]
[BlackElo "2443"]
[Opening "Queen's pawn game"]
[ECO "D02"]
[NIC "QP.08"]
[Time "19:20:51"]
[TimeControl "180+0"]

1. d4 d5 2. Nf3 e6 3. g3 c5 4. c3 Nf6 5. Bg2 Nc6 6. O-O h6 7. Bf4 cxd4 8.
cxd4 Qb6 9. Qb3 Qxb3 10. axb3 g5 11. Bd2 g4 12. Ne5 Nxd4 13. Bc3 Nxe2+ 14.
Kh1 d4 15. Bd2 Bd6 16. Nd3 Bd7 17. Na3 e5 18. Rfe1 Bxa3 19. Rxa3 Bb5 20.
Nxe5 O-O 21. Bxb7 Rab8 22. Bg2 a6 23. Nc4 Rfe8 24. Raa1 Kg7 25. Bf1 d3 26.
Bg2 Bxc4 27. bxc4 Rxb2 28. Be3 Ne4 29. Bxe4 Rxe4 30. Rxa6 d2 31. Rd1 Rxe3
32. fxe3 Nc3 33. Raa1 Nxd1 34. Rxd1 Rc2 35. c5 Rc1 36. Kg2 Rxd1 37. c6 Rc1
38. c7 d1=Q 39. c8=Q Qf3# {White checkmated} 0-1

[Event "ICC Open 2015"]
[Site "Internet Chess Club"]
[Date "2015.05.30"]
[Round "3"]
[White "elshaddai"]
[Black "Chaos23"]
[Result "0-1"]
[ICCResult "White forfeits on time"]
[WhiteElo "1612"]
[BlackElo "2063"]
[Opening "English opening"]
[ECO "A20"]
[NIC "EO.25"]
[Time "19:21:08"]
[TimeControl "180+0"]

1. c4 e5 2. e4 Bc5 3. d3 d6 4. Nc3 f5 5. Nf3 Nf6 6. Bg5 c6 7. Qd2 h6 8. Bxf6
Qxf6 9. exf5 Qxf5 10. Be2 O-O 11. O-O-O b5 12. Ne4 bxc4 13. Nxc5 dxc5 14.
dxc4 e4 15. Nh4 Qxf2 16. Ng6 e3 17. Qd3 Bf5 18. Ne7+ Kh8 19. Nxf5 Qxf5 20.
Qxe3 Na6 21. Rhf1 Qg6 22. Bf3 Nb4 23. Be4 Qe6 24. Rxf8+ Rxf8 25. a3 Qxc4+
26. Kb1 Qa2+ 27. Kc1 Qc4+ 28. Kb1 Nd5 29. Bxd5 cxd5 30. Rc1 Qe4+ 31. Qxe4
dxe4 32. Rxc5 Re8 33. Rc2 Kh7 34. Re2 Kg6 35. Kc2 Kf5 36. Kc3 Ke5 37. g3
Rc8+ 38. Kb3 Kd4 39. h4 Kd3 40. Re1 Rb8+ 41. Ka2 e3 42. Kb1 Kd2 43. Rc1 e2
44. Rc2+ Ke3 45. Rc1 Rd8 46. Kc2 Rd2+ {White forfeits on time} 0-1

[Event "ICC Open 2015"]
[Site "Internet Chess Club"]
[Date "2015.05.30"]
[Round "3"]
[White "yellow"]
[Black "nurmi"]
[Result "0-1"]
[ICCResult "White forfeits on time"]
[WhiteElo "1548"]
[BlackElo "2209"]
[Opening "Robatsch defense: Geller's system"]
[ECO "A41"]
[NIC "QO.17"]
[Time "19:20:55"]
[TimeControl "180+0"]

1. d4 d6 2. c3 g6 3. Nf3 Bg7 4. e4 c5 5. Be3 cxd4 6. Bxd4 Nf6 7. e5 dxe5 8.
Nxe5 O-O 9. Bc4 e6 10. O-O Qa5 11. b4 Qc7 12. Re1 Rd8 13. Qb3 b6 14. Nd2 Nd5
15. Nef3 Bh6 16. Bxd5 Rxd5 17. Ne4 Rf5 18. Nf6+ Rxf6 19. Bxf6 Bb7 20. Nd4
Nd7 21. Bh4 Bd5 22. Qc2 Bg7 23. Bg3 Qc4 24. Rad1 Rc8 25. Nf3 Qxc3 26. Qxc3
Rxc3 27. Ne5 Nxe5 28. Bxe5 Bxe5 29. Rxe5 Rc2 30. a4 Rc4 31. Rb1 Kg7 32. f3
h5 33. Re3 Rc2 34. h4 Rc4 35. a5 bxa5 36. bxa5 Rxh4 {White forfeits on time}
0-1

[Event "ICC Open 2015"]
[Site "Internet Chess Club"]
[Date "2015.05.30"]
[Round "3"]
[White "x22"]
[Black "rovov"]
[Result "1/2-1/2"]
[ICCResult "Black ran out of time and White has no material to mate"]
[WhiteElo "2438"]
[BlackElo "1599"]
[Opening "Mieses opening"]
[ECO "A00"]
[NIC "VO.13"]
[Time "19:21:06"]
[TimeControl "180+0"]

1. d3 d5 2. Nd2 c6 3. e4 e6 4. Ngf3 Nf6 5. g3 b6 6. Bg2 Ba6 7. exd5 cxd5 8.
O-O Bd6 9. Re1 O-O 10. h3 Nc6 11. d4 Rc8 12. c3 Na5 13. Ne5 Nc4 14. Ndxc4
Bxc4 15. Bg5 Be7 16. Qc2 h6 17. Bxf6 Bxf6 18. Ng4 Ba6 19. f4 Rc7 20. Qf2 Bc8
21. Kh2 b5 22. a3 a5 23. Ne5 Bxe5 24. Rxe5 Qf6 25. Rae1 Bd7 26. Qe2 Rb8 27.
h4 b4 28. axb4 axb4 29. Qf3 bxc3 30. bxc3 Rb3 31. R1e3 Bb5 32. Bf1 Bxf1 33.
Qxf1 Qd8 34. Qf3 Qc8 35. Kh3 Rbxc3 36. f5 Rxe3 37. Qxe3 Re7 38. g4 Qe8 39.
Qe1 f6 40. Rxe6 Rxe6 41. Qxe6+ Qxe6 42. fxe6 Kf8 43. g5 hxg5 44. hxg5 Ke7
45. Kg4 Kxe6 46. g6 Ke7 47. Kf4 Kd6 48. Kf5 Ke7 49. Kg4 Ke6 50. Kf4 Kd6 51.
Kf3 Ke6 52. Kg3 Kf5 53. Kh4 Kxg6 54. Kg4 f5+ 55. Kf4 Kf6 56. Kf3 g5 57. Kg3
f4+ 58. Kg4 Kg6 59. Kf3 Kf5 60. Kf2 Ke4 61. Kg2 Kxd4 62. Kf3 Kd3 63. Kg4 d4
64. Kxg5 Ke2 65. Kxf4 d3 66. Ke4 d2 67. Ke5 d1=Q 68. Kf4 Qc2 69. Ke5 Qc3+
70. Ke4 Qb4+ 71. Kd5 Ke3 72. Kc6 Ke4 73. Kd7 Ke5 74. Kc6
{Black ran out of time and White has no material to mate}
1/2-1/2

[Event "ICC Open 2015"]
[Site "Internet Chess Club"]
[Date "2015.05.30"]
[Round "3"]
[White "cristoforo"]
[Black "ghorok"]
[Result "0-1"]
[ICCResult "White resigns"]
[WhiteElo "1451"]
[BlackElo "1698"]
[Opening "Queen's pawn game"]
[ECO "D00"]
[NIC "QP.08"]
[Time "19:20:45"]
[TimeControl "180+0"]

1. d4 d5 2. e3 Nf6 3. f4 e6 4. Bd3 c5 5. c3 Nc6 6. Nd2 b6 7. Ngf3 Bb7 8. Ne5
Be7 9. Qf3 Rc8 10. g4 cxd4 11. exd4 Qc7 12. g5 Nd7 13. O-O b5 14. Qg4 b4 15.
Ndf3 bxc3 16. bxc3 h6 17. Nxf7 Kxf7 18. gxh6 gxh6 19. Qg6+ Kf8 20. Ne5 Rg8
21. Kh1 Rxg6 22. Nxg6+ Kf7 23. f5 exf5 24. Bxf5 Kg7 25. Bf4 Qd8 26. Rg1 Bg5
27. Ne5 Ncxe5 28. dxe5 d4+ 29. Rg2 Bxg2+ 30. Kxg2 Bxf4 31. Kf3 Qh4 32. Rg1+
Kf8 33. e6 Ne5+ 34. Ke4 Bxh2+ 35. Kd5 Rd8+ 36. Kc5 Bxg1 37. e7+ Kxe7 38. Bd3
dxc3+ 39. Kb5 Qf6 40. Bc4 Qb6+ {White resigns} 0-1

[Event "ICC Open 2015"]
[Site "Internet Chess Club"]
[Date "2015.05.30"]
[Round "3"]
[White "MoonlightWizard"]
[Black "Bacunamatata"]
[Result "0-1"]
[ICCResult "White resigns"]
[WhiteElo "2908"]
[BlackElo "2502"]
[Opening "Caro-Kann: Steinitz variation"]
[ECO "B17"]
[NIC "CK.09"]
[Time "19:21:52"]
[TimeControl "180+0"]

1. e4 c6 2. d4 d5 3. Nc3 dxe4 4. Nxe4 Nd7 5. Bc4 Ngf6 6. Ng5 e6 7. Qe2 Nb6
8. Bd3 h6 9. N5f3 c5 10. dxc5 Bxc5 11. Ne5 Nbd7 12. Ngf3 Nxe5 13. Nxe5 Bd7
14. O-O O-O 15. Bf4 Qe7 16. Rad1 Rfd8 17. c3 Be8 18. Bg3 a6 19. Bh4 Qc7 20.
Bxf6 gxf6 21. Ng4 Qf4 22. g3 Qg5 23. h4 Qg7 24. Kh2 f5 25. Ne3 Bc6 26. Bb1
Qe5 27. Qh5 Bxe3 28. fxe3 Qxe3 29. Kh3 Rd2 30. Rg1 Bf3 31. Qxf3 Qxf3 32.
Rxd2 Kg7 33. Kh2 Kf6 34. Re1 Rg8 35. Rg2 Rxg3 {White resigns} 0-1

[Event "ICC Open 2015"]
[Site "Internet Chess Club"]
[Date "2015.05.30"]
[Round "3"]
[White "klodshans"]
[Black "Kyekerz"]
[Result "1-0"]
[ICCResult "Black forfeits on time"]
[WhiteElo "1649"]
[BlackElo "1258"]
[Opening "Queen's pawn, Mason variation"]
[ECO "D00"]
[NIC "QP.08"]
[Time "19:21:16"]
[TimeControl "180+0"]

1. d4 d5 2. Bf4 Nf6 3. e3 Nc6 4. Nd2 e6 5. Ngf3 Bd6 6. Ne5 Bxe5 7. dxe5 Nd7
8. Bb5 Ndxe5 9. Bxe5 Bd7 10. Bxc6 Bxc6 11. Bg3 O-O 12. O-O Qf6 13. c3 Rac8
14. Nf3 Bb5 15. Re1 h5 16. a4 Bd7 17. h3 Rfe8 18. Qd4 Qg6 19. Qxa7 f6 20.
Nh4 Qc2 21. Qxb7 g5 22. Nf3 g4 23. Nd4 Qg6 24. hxg4 Qxg4 25. a5 h4 26. Bxc7
h3 27. Bg3 hxg2 28. Kxg2 Kf7 29. Qxd7+ Kg6 30. Qd6 Rh8 31. Rh1 Qe4+ 32. Nf3
Rxh1 33. Rxh1 Rg8 34. Qf4 Qc2 35. Qg4+ Kf7 36. Qh5+ Ke7 37. Nd4
{Black forfeits on time}
1-0

[Event "ICC Open 2015"]
[Site "Internet Chess Club"]
[Date "2015.05.30"]
[Round "3"]
[White "supermouse"]
[Black "faust"]
[Result "1/2-1/2"]
[ICCResult "Game drawn by repetition"]
[WhiteElo "2679"]
[BlackElo "3195"]
[Opening "Réti opening"]
[ECO "A04"]
[NIC "QP.10"]
[Time "19:20:59"]
[TimeControl "180+0"]

1. Nf3 c5 2. e3 Nf6 3. d4 e6 4. Bd3 b6 5. O-O Bb7 6. Nbd2 Be7 7. Qe2 O-O 8.
b3 Nc6 9. a3 Qc7 10. Bb2 Rfe8 11. c4 Rad8 12. Rac1 Qb8 13. Ne5 d6 14. Nef3
Qa8 15. Rfd1 cxd4 16. exd4 d5 17. Qf1 Bf8 18. h3 g6 19. Rc2 Bg7 20. c5 bxc5
21. Rxc5 Nd7 22. Rc2 e5 23. dxe5 Ndxe5 24. Bb5 d4 25. Nxe5 Rxe5 26. Nf3 Red5
27. Qc4 Ne5 28. Nxe5 Bxe5 29. Qd3 Bf6 30. Rdc1 Kg7 31. Bc6 Rg5 32. Qf3 Bxc6
33. Rxc6 Rf5 34. Qd3 Be5 35. R1c5 Qb8 36. g4 Bh2+ 37. Kg2 Rxc5 38. Rxc5 Be5
39. b4 h6 40. Qe4 Bf6 41. Rc6 Rd6 42. Qf4 Be7 43. Bxd4+ Kg8 44. Rxd6 Bxd6
45. Qe4 a6 46. Qd5 Bf8 47. Bc5 Bg7 48. Bd4 Qe8 49. Bxg7 Kxg7 50. Qd4+ Kg8
51. Qd5 Qa4 52. Qf3 Qb5 53. Qc3 Qd5+ 54. Qf3 Qe6 55. Qe3 Qd5+ 56. Qf3 Qe6
57. Qe3 Qc6+ 58. Qf3 Qc4 59. Qe3 Kg7 60. Qe5+ Kh7 61. Qe3 Qd5+ 62. Qf3 Qc4
63. Qe3 Kg8 64. Qf3 Qe6 65. Qa8+ Kg7 66. Qf3 Kg8 {Game drawn by repetition}
1/2-1/2

[Event "ICC Open 2015"]
[Site "Internet Chess Club"]
[Date "2015.05.30"]
[Round "3"]
[White "gmgattass"]
[Black "haimw"]
[Result "1-0"]
[ICCResult "Black forfeits on time"]
[WhiteElo "2279"]
[BlackElo "1908"]
[Opening "Sicilian"]
[ECO "B50"]
[NIC "SI.01"]
[Time "19:21:36"]
[TimeControl "180+0"]

1. e4 c5 2. Nf3 d6 3. c3 Nf6 4. Be2 Nc6 5. d4 cxd4 6. cxd4 g6 7. d5 Nb8 8.
Nc3 Bg7 9. O-O O-O 10. Bg5 a6 11. Rc1 Nbd7 12. a4 h6 13. Bh4 Ne5 14. Nd2 g5
15. Bg3 Ng6 16. b4 Bd7 17. Qb3 Nf4 18. Bxf4 gxf4 19. a5 Rc8 20. Nc4 Bb5 21.
Nxb5 axb5 22. Nb6 Rxc1 23. Rxc1 Nxe4 24. Bxb5 e6 25. dxe6 Qg5 26. exf7+ Kh8
27. Qf3 Nd2 28. Qd5 Qxd5 29. Nxd5 Rxf7 30. Rc8+ Rf8 31. Rxf8+ Bxf8 32. a6
bxa6 33. Bxa6 Nb3 34. Bc4 Nd4 35. b5 f3 36. gxf3 Nxf3+ 37. Kg2 Ne5 38. Be2
Bg7 39. b6 Nd7 40. Bb5 Nxb6 41. Nxb6 Bd4 42. Nd5 Kg7 43. f4 Kf7 44. Kf3 Ke6
45. Bc4 Kf5 46. Bd3+ Ke6 47. Be4 Bg1 48. h3 Bh2 49. Kg4 Bg1 50. f5+ Ke5 51.
f6 {Black forfeits on time} 1-0

[Event "ICC Open 2015"]
[Site "Internet Chess Club"]
[Date "2015.05.30"]
[Round "3"]
[White "Catknight"]
[Black "paulohaddad"]
[Result "1-0"]
[ICCResult "Black forfeits on time"]
[WhiteElo "2094"]
[BlackElo "1792"]
[Opening "QGD: Ragozin variation"]
[ECO "D38"]
[NIC "NI.27"]
[Time "19:20:51"]
[TimeControl "180+0"]

1. d4 d5 2. c4 e6 3. Nc3 Nf6 4. Nf3 Bb4 5. Bf4 O-O 6. e3 Nbd7 7. Bd3 c5 8.
O-O cxd4 9. exd4 dxc4 10. Bxc4 Nb6 11. Bd3 Bd6 12. Ne5 a6 13. Rc1 Nbd5 14.
Bg3 Nxc3 15. bxc3 Ba3 16. Rb1 b5 17. Qc2 h6 18. Rb3 Be7 19. Nc6 Qd7 20.
Nxe7+ Qxe7 21. c4 bxc4 22. Qxc4 Bb7 23. Rfb1 Bd5 24. Qc2 Bxb3 25. axb3 Rac8
26. Qe2 Nd5 27. Ra1 Nb4 28. Be4 f5 29. Bf3 f4 30. Bg4 fxg3 31. Qxe6+ Qxe6
32. Bxe6+ Kh8 33. Bxc8 gxf2+ 34. Kf1 Rxc8 35. Kxf2 Rd8 36. Rd1 g5 37. Ke3
Kg7 38. Ke4 Kf6 39. d5 Rd6 40. Rd4 a5 41. g4 Nc2 42. Rc4 Nb4 43. Rc5 Na2 44.
Rxa5 Nc3+ 45. Kd4 Ne2+ 46. Kc5 Rd8 47. Ra6+ {Black forfeits on time} 1-0

[Event "ICC Open 2015"]
[Site "Internet Chess Club"]
[Date "2015.05.30"]
[Round "3"]
[White "chessrex"]
[Black "Cinzento"]
[Result "1-0"]
[ICCResult "Black resigns"]
[WhiteElo "2082"]
[BlackElo "1809"]
[Opening "Paleface attack"]
[ECO "A45"]
[NIC "QP.07"]
[Time "19:21:20"]
[TimeControl "180+0"]

1. d4 Nf6 2. f3 g6 3. e4 d6 4. Be3 Bg7 5. Qd2 e5 6. d5 Nh5 7. Ne2 f5 8. Bg5
Bf6 9. Bxf6 Qxf6 10. Nbc3 a6 11. O-O-O b5 12. Re1 f4 13. Qd3 Nd7 14. g3 O-O
15. g4 Ng7 16. h4 Qe7 17. Bh3 h6 18. Reg1 Nc5 19. Qd2 Bd7 20. Kb1 b4 21. Nd1
a5 22. Nc1 Rab8 23. Nd3 a4 24. Nxc5 dxc5 25. g5 h5 26. Bxd7 Qxd7 27. Qd3 Qd6
28. Qc4 Rb6 29. Nf2 Rfb8 30. Nd3 Rb5 31. Re1 Ne8 32. Nxf4 exf4 33. e5 Qd8
34. d6+ Kg7 35. Qxf4 cxd6 36. exd6 Qxd6 37. Qe4 R5b7 38. Rd1 Qc7 39. Rhe1
Qf7 40. f4 Rd7 41. Qe5+ Kg8 42. Rxd7 Qxd7 43. f5 Qxf5 44. Qxb8 Qg4 45. Qxe8+
{Black resigns}
1-0

[Event "ICC Open 2015"]
[Site "Internet Chess Club"]
[Date "2015.05.30"]
[Round "3"]
[White "catman"]
[Black "zagor"]
[Result "0-1"]
[ICCResult "White resigns"]
[WhiteElo "1751"]
[BlackElo "2133"]
[Opening "King's Indian, 3.Nf3"]
[ECO "E61"]
[NIC "QP.06"]
[Time "19:21:18"]
[TimeControl "180+0"]

1. d4 Nf6 2. Nf3 g6 3. c4 Bg7 4. Nc3 O-O 5. Bg5 d6 6. e3 h6 7. Bh4 c5 8. Be2
cxd4 9. exd4 d5 10. O-O dxc4 11. Bxc4 Nc6 12. d5 Na5 13. Bb5 a6 14. Ba4 b5
15. Bc2 Bb7 16. Bxf6 Bxf6 17. Qd2 Bg7 18. Bb3 Nxb3 19. axb3 Qd6 20. Ne4 Qxd5
21. Qxd5 Bxd5 22. Rfe1 Bxe4 23. Rxe4 e6 24. Re2 Rfd8 25. g3 Rd3 26. Ne5 Rxb3
27. Nc6 Kf8 28. Ra2 Bf6 29. Ne5 a5 30. Nd7+ Ke7 31. Nxf6 Kxf6 32. Re4 a4 33.
Rf4+ Ke7 34. Rd4 Rd8 35. Rf4 Rd2 36. Ra1 Rbxb2 37. Rc1 f5 38. Rc7+ Kf6 39.
Ra7 g5 {White resigns} 0-1

[Event "ICC Open 2015"]
[Site "Internet Chess Club"]
[Date "2015.05.30"]
[Round "3"]
[White "druskacik"]
[Black "Pikaso"]
[Result "0-1"]
[ICCResult "White checkmated"]
[WhiteElo "2472"]
[BlackElo "2848"]
[Opening "Queen's Pawn"]
[ECO "A41"]
[NIC "QO.17"]
[Time "19:21:06"]
[TimeControl "180+0"]

1. d4 d6 2. Nf3 g6 3. g3 Bg7 4. Bg2 Nf6 5. O-O O-O 6. a4 Nc6 7. a5 d5 8. a6
b6 9. c4 e6 10. Ne5 Nb4 11. Bd2 Nxa6 12. cxd5 exd5 13. Nc3 Bb7 14. Qb3 c5
15. e3 cxd4 16. exd4 Nc7 17. Rfc1 Ne6 18. Be3 Ne4 19. Nxe4 dxe4 20. Nc6 Bxc6
21. Rxc6 Nxd4 22. Bxd4 Qxd4 23. Rc4 Qxb2 24. Qxb2 Bxb2 25. Ra2 Bf6 26. Bxe4
Rac8 27. Rxc8 Rxc8 28. Rxa7 Rd8 29. Rb7 Rd2 30. Rxb6 Bd4 31. Rb8+ Kg7 32.
Rb7 Rxf2 33. Kh1 g5 34. Bd5 g4 35. Rb1 f5 36. Bc4 Rd2 37. Rf1 Kf6 38. Bg8 h5
39. Bh7 Bf2 40. Bg8 Kg5 41. Be6 f4 42. gxf4+ Kxf4 43. Kg2 Ke3 44. h3 g3 45.
h4 Kf4 46. Bf7 Kg4 47. Be6+ Kxh4 48. Rh1+ Kg5 49. Bf7 h4 50. Kf3 Rd7 51. Be6
Rd6 52. Bh3 Rf6+ 53. Kg2 Bb6 54. Rf1 Bf2 55. Rd1 Rf4 56. Rd5+ Kf6 57. Rd6+
Ke5 58. Rh6 Be3 59. Rh5+ Kd4 60. Be6 Rf2+ 61. Kh3 Rh2+ 62. Kg4 g2 63. Rd5+
Kc3 64. Kf3 g1=Q 65. Bf5 Qf2+ 66. Ke4 Qf4# {White checkmated} 0-1

[Event "ICC Open 2015"]
[Site "Internet Chess Club"]
[Date "2015.05.30"]
[Round "3"]
[White "MoJudson"]
[Black "eddington"]
[Result "0-1"]
[ICCResult "White resigns"]
[WhiteElo "1799"]
[BlackElo "2173"]
[Opening "English: Neo-Catalan"]
[ECO "A13"]
[NIC "QP.11"]
[Time "19:22:41"]
[TimeControl "180+0"]

1. Nf3 Nf6 2. c4 e6 3. g3 d5 4. b3 Be7 5. Bb2 O-O 6. Bg2 c5 7. O-O Nc6 8. d3
d4 9. e3 e5 10. exd4 exd4 11. Re1 Bf5 12. a3 Re8 13. Qc2 a5 14. Nbd2 Qc7 15.
Ng5 h6 16. Nge4 Nxe4 17. Nxe4 Bf8 18. Bc1 Re6 19. Bf4 Qd7 20. Qd2 Rae8 21.
Qc2 Bg6 22. f3 f5 {White resigns} 0-1

[Event "ICC Open 2015"]
[Site "Internet Chess Club"]
[Date "2015.05.30"]
[Round "3"]
[White "Ancient"]
[Black "MaestroASK"]
[Result "1-0"]
[ICCResult "Black resigns"]
[WhiteElo "2159"]
[BlackElo "2536"]
[Opening "King's pawn opening"]
[ECO "B07"]
[NIC "VO.17"]
[Time "19:22:10"]
[TimeControl "180+0"]

1. e4 d6 2. d4 g6 3. Bd3 c6 4. f4 d5 5. exd5 cxd5 6. Nf3 Bf5 7. O-O e6 8. c3
Bxd3 9. Qxd3 Nc6 10. Nbd2 h5 11. Ne5 Nge7 12. Ndf3 Nf5 13. Ng5 Nxe5 14. fxe5
Be7 15. Nf3 a6 16. Bd2 O-O 17. a4 Qc7 18. h3 Ng3 19. Rfe1 Ne4 20. Bh6 Rfc8
21. Nd2 Nxd2 22. Qxd2 Bf8 23. Bxf8 Rxf8 24. Rf1 Kg7 25. Rf6 b5 26. axb5 axb5
27. Raf1 b4 28. R1f3 Rab8 29. Rg3 bxc3 30. bxc3 Rb3 31. Qg5 Rbb8 32. Qxh5
{Black resigns}
1-0

[Event "ICC Open 2015"]
[Site "Internet Chess Club"]
[Date "2015.05.30"]
[Round "3"]
[White "isodung"]
[Black "Dark-Magician"]
[Result "1-0"]
[ICCResult "Black checkmated"]
[WhiteElo "2802"]
[BlackElo "2320"]
[Opening "Sicilian: closed"]
[ECO "B23"]
[NIC "SI.44"]
[Time "19:21:19"]
[TimeControl "180+0"]

1. e4 c5 2. Nc3 e6 3. g3 Nc6 4. Bg2 Nge7 5. d3 d6 6. f4 g6 7. Nf3 Bg7 8. h4
O-O 9. h5 d5 10. e5 Nf5 11. g4 Nfd4 12. h6 Bh8 13. g5 Nf5 14. Ne2 b6 15. Kf2
d4 16. Ng3 Bb7 17. Nxf5 exf5 18. Nd2 Qc7 19. a4 Nxe5 20. fxe5 Bxe5 21. Bxb7
Qxb7 22. Nf3 Bd6 23. Bd2 Rae8 24. Qg1 Qc6 25. b3 Re6 26. Re1 Rfe8 27. Qg2
Qc7 28. Rxe6 Rxe6 29. Re1 Qe7 30. Rxe6 Qxe6 31. Ng1 Bf8 32. Ne2 a6 33. Bf4
b5 34. axb5 axb5 35. Qa8 f6 36. gxf6 Qxf6 37. Qd5+ Qf7 38. Qxf7+ Kxf7 39.
Bg5 Bd6 40. Kf3 Ke6 41. Nf4+ Kf7 42. Nd5 Be5 43. Bf4 Ke6 44. Nc7+ Bxc7 45.
Bxc7 g5 46. Bd8 g4+ 47. Kf4 Kd5 48. Be7 c4 49. bxc4+ bxc4 50. Bh4 cxd3 51.
cxd3 Ke6 52. Kg5 Ke5 53. Bg3+ Ke6 54. Bf4 Kf7 55. Kxf5 Ke7 56. Kxg4 Kf6 57.
Kg3 Kf5 58. Kf3 Kg6 59. Ke4 Kf6 60. Kxd4 Kf5 61. Ke3 Ke6 62. Ke4 Kd7 63. d4
Ke6 64. d5+ Kd7 65. Ke5 Ke7 66. Bg5+ Kf7 67. d6 Kg6 68. d7 Kxg5 69. d8=Q+
Kxh6 70. Kf5 Kg7 71. Qe7+ Kh6 72. Qg5# {Black checkmated} 1-0

[Event "ICC Open 2015"]
[Site "Internet Chess Club"]
[Date "2015.05.30"]
[Round "3"]
[White "NAS"]
[Black "postmortem"]
[Result "0-1"]
[ICCResult "White forfeits on time"]
[WhiteElo "1668"]
[BlackElo "2067"]
[Opening "Sicilian: Kan, Maróczy bind (Réti variation)"]
[ECO "B41"]
[NIC "SI.41"]
[Time "19:21:25"]
[TimeControl "180+0"]

1. e4 c5 2. Nf3 e6 3. d4 cxd4 4. Nxd4 a6 5. c4 Nf6 6. Qc2 Bb4+ 7. Bd2 Bc5 8.
Be3 Qb6 9. Nb3 Bxe3 10. fxe3 Qxe3+ 11. Be2 Nxe4 12. N1d2 Qf2+ 13. Kd1 Nxd2
14. Qxd2 Nc6 15. Rf1 Qh4 16. Kc2 O-O 17. Rf4 Qe7 18. Raf1 d5 19. Kb1 e5 20.
R4f2 Be6 21. cxd5 Rad8 22. Qc3 Bxd5 23. Nd2 Nd4 24. Nf3 Be4+ 25. Ka1 Nc2+
26. Kb1 Rc8 27. Qd2 Rfd8 28. Qg5 Qxg5 29. Nxg5 Bg6 {White forfeits on time}
0-1

[Event "ICC Open 2015"]
[Site "Internet Chess Club"]
[Date "2015.05.30"]
[Round "3"]
[White "fito"]
[Black "Champion"]
[Result "1-0"]
[ICCResult "Black forfeits on time"]
[WhiteElo "2379"]
[BlackElo "1955"]
[Opening "Queen's pawn game"]
[ECO "A45"]
[NIC "QP.07"]
[Time "19:20:58"]
[TimeControl "180+0"]

1. d4 Nf6 2. Nc3 e6 3. e4 c5 4. d5 d6 5. Nf3 a6 6. a4 Be7 7. h3 O-O 8. Be2
Nbd7 9. O-O Re8 10. Rb1 Nf8 11. b4 b6 12. bxc5 bxc5 13. Re1 Ng6 14. Bc4 e5
15. Be3 Nh5 16. Nd2 Nhf4 17. Bf1 Bg5 18. Nc4 Bh6 19. Nb6 Rb8 20. Nxc8 Rxc8
21. Bxa6 Qg5 22. Qg4 Rb8 23. Qxg5 Bxg5 24. Bb5 Rec8 25. Kh2 Bd8 26. g3 Nh5
27. Bc6 Ba5 28. Bd2 Nf6 29. f3 Ne7 30. Bb5 Ne8 31. Bxe8 Rxe8 32. Rxb8 Rxb8
33. Rb1 Rxb1 34. Nxb1 Bxd2 35. Nxd2 Nc8 36. Nc4 Kf8 37. Kg2 Ke7 38. f4 f6
39. Kf3 Kd7 40. Kg4 g6 41. fxe5 fxe5 42. Kg5 Ke7 43. Kh6 Kf6 44. Kxh7 g5 45.
Kh6 Ne7 46. Nxd6 Ng8+ 47. Kh5 Ne7 48. Nc4 Ng6 49. a5 Ne7 50. a6 Nc8 51. c3
Na7 52. g4 Nb5 53. h4 Na7 54. hxg5+ Kg7 55. Nxe5 {Black forfeits on time}
1-0

[Event "ICC Open 2015"]
[Site "Internet Chess Club"]
[Date "2015.05.30"]
[Round "3"]
[White "SlowBlitz"]
[Black "tmunagala"]
[Result "0-1"]
[ICCResult "White forfeits on time"]
[WhiteElo "1454"]
[BlackElo "1697"]
[Opening "Old Indian defense"]
[ECO "A53"]
[NIC "QP.07"]
[Time "19:20:48"]
[TimeControl "180+0"]

1. d4 Nf6 2. c4 d6 3. Nf3 Nbd7 4. Nc3 g6 5. e4 Bg7 6. Be3 O-O 7. Bd3 e5 8.
d5 a5 9. a3 Nc5 10. Qc2 Bd7 11. O-O a4 12. Bxc5 dxc5 13. b4 axb3 14. Qxb3
Nh5 15. Rfb1 b6 16. Nb5 Nf4 17. g3 Nxd3 18. Qxd3 f5 19. Nd2 f4 20. d6 Bxb5
21. cxb5 Ra7 22. Nc4 fxg3 23. fxg3 Rf7 24. Qd5 Kh8 25. Rf1 Rd7 26. Nxe5 cxd6
27. Nf7+ Rxf7 28. Rxf7 Re7 29. Raf1 Re8 {White forfeits on time} 0-1